 Dungeon Crawl Stone Soup version 0.20.1-1-g8b1a95d (webtiles) character file.

73 Rushin the Grave Robber (level 3, 0/29 HPs)
             Began as a Demigod Wanderer on July 10, 2017.
             Succumbed to an adder's poison
             ... on level 2 of the Dungeon.
             The game lasted 00:05:08 (1871 turns).

Rushin the Grave Robber (Demigod Wanderer)          Turns: 1871, Time: 00:05:09

Health: 0/29       AC:  3    Str: 14    XL:     3   Next: 83%
Magic:  4/5        EV: 10    Int: 17    God:
Gold:   60         SH:  4    Dex: 17    Spells: 1/2 levels left

rFire    . . .     SeeInvis .   j - +1 dagger (pain)
rCold    . . .     Gourm    .   n - +0 buckler
rNeg     . . .     Faith    .   h - +0 leather armour
rPois    .         Spirit   .   (no helmet)
rElec    .         Reflect  .   (no cloak)
rCorr    .         Harm     .   (no gloves)
MR       .....                  (no boots)
Stlth    +++.......             (no amulet)
Regen    0.1/turn               o - ring of stealth
MPRegen  0.1/turn               (no ring)

@: lethally poisoned (0 -> -5)
A: high mp 1
a: no special abilities


You were on level 2 of the Dungeon.
You were not hungry.

You visited 1 branch of the dungeon, and saw 2 of its levels.

You collected 60 gold pieces.

Inventory:

Hand Weapons
 b - a +0 short sword
 d - a +0 dagger
 j - a +1 dagger of pain (weapon)
Missiles
 e - 34 stones (quivered)
 m - 6 needles of frenzy
Armour
 c - a +0 robe
 h - a +0 leather armour (worn)
 n - a +0 buckler (worn)
Jewellery
 o - a ring of stealth (left hand)
Scrolls
 g - a scroll of remove curse {unknown}
 i - a scroll of blinking {unknown}
 l - a scroll of teleportation {unknown}
 p - a scroll of noise {unknown}
Books
 a - a book of Necromancy

   Spells                             Type                      Level
   a - Pain                           Necromancy                   1
   b - Animate Skeleton               Necromancy                   1
   c - Vampiric Draining              Necromancy                   3
   d - Regeneration                   Charms/Necromancy            3
   e - Animate Dead                   Necromancy                   4
   f - Control Undead                 Necromancy                   4
Comestibles
 f - a bread ration
 k - a meat ration
 q - a chunk of flesh


   Skills:
 - Level 2.0 Fighting
 - Level 2.0 Short Blades
 - Level 3.1 Stealth
   Level 1.0 Conjurations
 + Level 3.4 Necromancy


You had one spell level left.
You knew the following spells:

 Your Spells              Type           Power        Failure   Level  Hunger
a - Pain                  Necr           ##..         12%         1    ##.....


Dungeon Overview and Level Annotations

Branches:
Dungeon (2/15)


Innate Abilities, Weirdness & Mutations

You have an increased reservoir of magic. (+10% MP)


Message History

* * * LOW HITPOINT WARNING * * *
You feel sick.
Unknown command.
* * * LOW HITPOINT WARNING * * *
You feel sick.
* * * LOW HITPOINT WARNING * * *
You feel sick.
Unknown command.
* * * LOW HITPOINT WARNING * * *
You feel sick.
There is an open door here.
* * * LOW HITPOINT WARNING * * *
You feel sick.
* * * LOW HITPOINT WARNING * * *
You feel sick.
Unknown command.
Unknown command.
* * * LOW HITPOINT WARNING * * *
You feel sick.
You die...

#.# #.# #.# #.# #### #.. #.#
...##################### #.#
.......................#.#.#.#
..)#########.##.######.#.#.#.#
...# #.##..# #.#.#.#.# ...#
###'###.# #.#.#.#.# ...##
#....##@# #.#.#.#.# .....
'....##.# #.#.#.#.# ###..
#....##.#####.#.#.#.# ......
'................>..# ###...
######...####)#.#.### ...
#.#.## #.#.#.#### #.#..#
#.#.#....# ###'##.# #.#.####.#
#....#.# #.#.# #.#


There were no monsters in sight!

Vanquished Creatures
  3 adders (D:2)
  2 oozes (D:1)
  3 dart slugs
  A worm (D:2)
  A leopard gecko (D:1)
  4 goblins
  4 hobgoblins
  A quokka (D:2)
  A ball python (D:1)
  4 bats (D:1)
  A frilled lizard (D:1)
  2 kobolds
  2 rats (D:1)
29 creatures vanquished.

Notes
Turn   | Place    | Note
-------+----------+-------------------------------------------
     0 | D:1      | Rushin the Demigod Wanderer began the quest for the Orb.
     0 | D:1      | Rushin set off with: a book of Necromancy, a +0 short sword, a +0 robe, a +0 dagger, a bread ration
     0 | D:1      | Reached XP level 1. HP: 17/17 MP: 3/3
    17 | D:1      | Noticed an electric eel
   381 | D:1      | Reached XP level 2. HP: 15/24 MP: 4/4
   488 | D:1      | Learned a level 1 spell: Pain
  1238 | D:2      | Reached XP level 3. HP: 29/29 MP: 5/5
  1866 | D:2      | HP: 1/29 [poisoned by an adder]
  1871 | D:2      | Succumbed to an adder's poison

Skill      XL: |  1  2  3 |
---------------+----------+-----
Stealth        | 3 |  3.1
Fighting       | 2 |  2.0
Short Blades   | 2 |  2.0
Necromancy     | 2 3 |  3.4
Conjurations   | |  1.0

Action                   || total
-------------------------++-------
Melee: Short sword       ||    61
       Dagger            ||     5
Throw: Stone             ||    13
 Cast: Pain              ||    24
  Use: Potion            ||     2
 Stab: Sleeping          ||     7
  Eat: Chunk             ||     2
       Bread ration      ||     1
Armor: Leather armour    ||    16
       Robe              ||     1
Dodge: Dodged            ||    30
Block: Buckler           ||     5
